 Dungeon Crawl Stone Soup version 0.29-a0-314-gb00dd7cb4b (webtiles) character file.

Game seed: 12235432885686762188

74 Ijustatesigmund the Skirmisher (level 4, -1/32 HPs)
             Began as a Gargoyle Wanderer on Mar 29, 2022.
             Slain by Ijyb
             ... wielding a +1 dagger of venom
              (4 damage)
             ... on level 3 of the Dungeon.
             The game lasted 00:02:06 (2007 turns).

Ijustatesigmund the Skirmisher (Gargoyle Wanderer)  Turns: 2007, Time: 00:02:06

Health: -1/32      AC: 12    Str: 11    XL:     4   Next: 28%
Magic:  4/4        EV:  8    Int: 16    God:
Gold:   105        SH:  0    Dex: 12    Spells: 3/3 levels left

rFire   . . .      SeeInvis .   a - +1 falchion
rCold   . . .      Faith    .   (no shield)
rNeg    + . .      Spirit   .   b - +2 scale mail
rPois   ∞          Reflect  .   (no helmet)
rElec   +          Harm     .   (no cloak)
rCorr   .          Rampage  .   (no gloves)
Will    .....                   (no boots)
Stlth   ..........              (no amulet)
HPRegen 0.10/turn               (no ring)
MPRegen 0.09/turn               (no ring)

@: no status effects
A: sickness immunity, AC +3, negative energy resistance 1, electricity
resistance, torment resistance 1, petrification resistance, agile 1, weak 1
a: no special abilities


You were on level 3 of the Dungeon.
You visited 1 branch of the dungeon, and saw 3 of its levels.

You collected 105 gold pieces.

Inventory:

Hand Weapons
 a - a +1 falchion (weapon)
Missiles
 h - a throwing net (quivered)
Armour
 b - a +2 scale mail (worn)
Jewellery
 d - a ring of positive energy
 p - an amulet of faith
Scrolls
 c - a scroll of amnesia {unknown}
 f - 2 scrolls of identify {unknown}
 l - a scroll of fog {unknown}
 q - a scroll of holy word {unknown}
Potions
 e - a potion of magic {unknown}
 g - 2 potions of flight {unknown}
 i - a potion of resistance {unknown}
 j - a potion of haste {unknown}
 k - a potion of might {unknown}
 m - a potion of brilliance {unknown}
 n - a potion of ambrosia {unknown}
 o - a potion of attraction {unknown}


   Skills:
 + Level 6.2 Fighting
 - Level 1.7 Long Blades
 - Level 3.2 Armour
 - Level 1.1 Stealth


You had 3 spell levels left.
You didn't know any spells.
Your spell library contained the following spells:

 Spells                   Type           Power      Damage    Failure   Level
 Animate Skeleton         Necr           0%         N/A       80%         1
 Pain                     Necr           0%         1d4       80%         1
 Vampiric Draining        Necr           0%         2d6       99%         3


Dungeon Overview and Level Annotations

Branches:
Dungeon (3/15)

Altars:

Annotations:
D:3 Ijyb


Innate Abilities, Weirdness & Mutations

You are immune to sickness and miasma.
Your stone body is resilient. (AC +3)
You are immune to poison.
You resist negative energy. (rN+)
You are resistant to electric shocks. (rElec)
You are resistant to unholy torment.
You are immune to petrification.
You are agile. (Dex +2)
You are weak. (Str -2)


Message History

You closely miss Ijyb. The hobgoblin misses you.
Ijyb hits you with a +1 dagger of venom.
You hit Ijyb but do no damage. The hobgoblin closely misses you.
Ijyb closely misses you.
You barely miss Ijyb.
The hobgoblin hits you but does no damage.
The goblin hits you but does no damage.
Ijyb grins evilly.
Ijyb hits you but does no damage.
You hit Ijyb.
Ijyb is lightly wounded.
The hobgoblin closely misses you. The goblin barely misses you.
Ijyb hits you with a +1 dagger of venom.
You hit Ijyb.
Ijyb is moderately wounded.
The hobgoblin hits you. The goblin hits you but does no damage.
Ijyb closely misses you. The goblin closely misses you.
The hobgoblin hits you but does no damage.
Ijyb zaps a wand.
The puff of flame hits you!
You are too injured to fight recklessly!
You are too injured to fight recklessly!
You are too injured to fight recklessly!
You are too injured to fight recklessly!
You are too injured to fight recklessly!
You are too injured to fight recklessly!
You are too injured to fight recklessly!
You are too injured to fight recklessly!
You are too injured to fight recklessly!
You are too injured to fight recklessly!
You are too injured to fight recklessly!
You hit Ijyb but do no damage.
Ijyb is moderately wounded.
The hobgoblin barely misses you. The goblin hits you with a +0 club.
Ijyb zaps a wand.
The puff of flame hits you!
* * * LOW HITPOINT WARNING * * *
You barely miss Ijyb.
Ijyb is moderately wounded.
The goblin hits you but does no damage.
Ijyb hits you with a +1 dagger of venom.
You die...

# # .#.##
##[...#
####.......
:##.#..g....<..
.......@.......
.##.#.gg.....>#
#..........##
##......)....
..........###
###........#
##...!..?#
#....<..#


You could see Ijyb, a hobgoblin and a goblin.

Vanquished Creatures
  Jessica (D:2)
  2 dart slugs
  4 bats
  7 endoplasms
  A giant cockroach (D:1)
  4 goblins
  2 hobgoblins (D:2)
  3 quokkas
  4 ball pythons
  4 frilled lizards
  7 kobolds (D:2)
  2 rats (D:1)
41 creatures vanquished.

Notes
Turn   | Place    | Note
-------+----------+-------------------------------------------
     0 | D:1      | Ijustatesigmund the Gargoyle Wanderer began the quest for
                  | the Orb.
     0 | D:1      | Ijustatesigmund set off with the following items: a +1
                  | falchion, a +2 scale mail, a potion of mutation
     0 | D:1      | Reached XP level 1. HP: 16/16 MP: 1/1
     0 | D:1      | Gained mutation: You are weak. (Str -2) [potion of
                  | mutation]
     0 | D:1      | Gained mutation: You are agile. (Dex +2) [potion of
                  | mutation]
   143 | D:1      | Reached XP level 2. HP: 20/20 MP: 2/2
   282 | D:1      | Reached skill level 5 in Fighting
   909 | D:2      | Noticed Jessica
   917 | D:2      | Killed Jessica
   918 | D:2      | Reached XP level 3. HP: 21/27 MP: 3/3
   994 | D:2      | Reached skill level 6 in Fighting
  1047 | D:2      | Reached XP level 4. HP: 18/32 MP: 4/4
  2000 | D:3      | Noticed Ijyb
  2007 | D:3      | Slain by Ijyb

Illustrated notes

Levels and vault maps discovered:
D:1:      matt_arrival_los_fun, layout_basic
D:2:      minmay_kobold_bridge, layout_loops_ring, uniq_jessica
D:3:      layout_loops_ring, uniq_terence, uniq_ijyb

Skill      XL: |  1  2  3 |
---------------+----------+-----
Fighting       | 5 6 |  6.2
Long Blades    | |  1.7
Armour         | |  3.2
Stealth        | |  1.1

Action                   |  1- 3 |  4- 6 || total
-------------------------+-------+-------++-------
Melee: Falchion          |    62 |    46 ||   108
       Punch             |     1 |       ||     1
  Use: Potion            |     1 |       ||     1
Armor: Scale mail        |    42 |    37 ||    79
Dodge: Dodged            |    38 |    24 ||    62

Table legend: (Time is in decaauts)
 A = Elapsed time spent in this place.
 B = Non-inter-level travel time spent in this place.
 C = Inter-level travel time spent in this place.
 D = Time resting spent in this place.
 E = Time spent auto-exploring this place.
 F = Levels seen in this place.
 G = Mean time per level.
                   A        B        C        D        E       F      G
               +--------+--------+--------+--------+--------+-----+--------+
         Total |   2029 |   1962 |     67 |    127 |   1544 |   3 |  676.3 |
       Dungeon |   2029 |   1962 |     67 |    127 |   1544 |   3 |  676.3 |
               +--------+--------+--------+--------+--------+-----+--------+

Top non-repeatable levels by time:
     D:2: 1216 daAuts
     D:1: 805 daAuts
     D:3: 8 daAuts
